 Dungeon Crawl Stone Soup version 0.24.0-37-gcf1ca852f1 (webtiles) character file.

Game seed: 9339026514606871535, levelgen mode: deterministic

11170 FishyPogo the Thaumaturge (level 11, -2/94 HPs)
             Began as a Gnoll Skald on Dec 8, 2019.
             Was a High Priest of Makhleb.
             Slain by Snorg (12 damage)
             ... on level 10 of the Dungeon.
             The game lasted 00:57:44 (8458 turns).

FishyPogo the Thaumaturge (Gnoll Skald)             Turns: 8458, Time: 00:57:44

Health: -2/94      AC:  7    Str: 22    XL:     11   Next: 73%
Magic:  16/23      EV: 19    Int: 15    God:    Makhleb [*****.]
Gold:   1017       SH:  9    Dex: 17    Spells: 11/26 levels left

rFire    . . .     SeeInvis .   a - +2 dagger (venom)
rCold    + . .     Gourm    .   J - +3 buckler of the Evil One {Str+5}
rNeg     . . .     Faith    .   G - -2 leather armour (curse)
rPois    .         Spirit   .   h - +0 helmet
rElec    .         Reflect  .   B - +0 cloak
rCorr    .         Harm     .   z - +0 pair of gloves
MR       .....                  L - +0 pair of boots
Stlth    ++........             f - amulet of magic regeneration
HPRegen  1.25/turn              U - ring of attention (curse)
MPRegen  0.43/turn              N - ring of protection from cold

@: regenerating (expiring)
A: distributed training, fangs 1, hooves 1, repulsion field 1, agile 1, robust
1, strong nose
a: Minor Destruction, Lesser Servant of Makhleb, Major Destruction, Greater
Servant of Makhleb, Renounce Religion


You were on level 10 of the Dungeon.
You worshipped Makhleb.
Makhleb was extremely pleased with you.
You were hungry.

You visited 1 branch of the dungeon, and saw 11 of its levels.
You also visited: Bailey.

You collected 1152 gold pieces.
You spent 135 gold pieces at shops.

Inventory:

Hand Weapons
 a - a +2 dagger of venom (weapon)
 b - the +4 whip of Exoneration {holy, Int+4}
   (You bought it in a shop on level 5 of the Dungeon)

   It has been blessed by the Shining One to cause great damage to the undead
   and demons.
   It affects your intelligence (+4).
 P - a +4 long sword
 Q - a +1 battleaxe of electrocution
Missiles
 m - 4 boomerangs
 o - 92 poisoned darts
 p - 3 throwing nets
 s - 155 stones
 K - 5 javelins (quivered)
Armour
 h - a +0 helmet (worn)
 z - a +0 pair of gloves (worn)
 B - a +0 cloak (worn)
 D - a +2 leather armour of fire resistance
 G - a cursed -2 leather armour (worn)
 I - +0 shadow dragon scales
 J - the +3 buckler of the Evil One (worn) {Str+5}
   (You found it in a bailey)

   It affects your strength (+5).
 L - a +0 pair of boots (worn)
 R - a +1 leather armour of cold resistance
Jewellery
 f - an amulet of magic regeneration (around neck)
 v - an uncursed ring of ice
 y - an uncursed amulet of regeneration
 A - a +5 ring of strength
 E - an uncursed ring of protection from fire
 N - a ring of protection from cold (right hand)
 O - an uncursed ring of protection from fire
 U - a cursed ring of attention (left hand)
Wands
 q - a wand of polymorph (12)
 x - a wand of iceblast (4)
 T - a wand of paralysis (11)
Scrolls
 c - 7 scrolls of teleportation
 e - a scroll of enchant weapon {unknown}
 i - 2 scrolls of amnesia
 j - a scroll of magic mapping
 k - 3 scrolls of blinking
 l - 2 scrolls of enchant armour
 n - 4 scrolls of identify
 t - a scroll of torment {unknown}
 w - 2 scrolls of fear
 X - a scroll of vulnerability {unknown}
 Y - a scroll of immolation
Potions
 g - 2 potions of heal wounds
 r - a potion of cancellation
 u - 3 potions of brilliance
 C - 2 potions of magic
 F - 3 potions of mutation
 H - 2 potions of haste
 M - 4 potions of curing
 W - a potion of lignification {unknown}
Miscellaneous
 V - a lightning rod (4/4)
Comestibles
 d - 37 rations
 S - 7 chunks of flesh


   Skills:
 + Level 8.0 Fighting
 + Level 8.0 Short Blades
 + Level 6.4 Long Blades
 + Level 6.4 Axes
 + Level 6.4 Maces & Flails
 + Level 6.4 Polearms
 + Level 6.4 Staves
 + Level 6.4 Slings
 + Level 6.4 Bows
 + Level 6.4 Crossbows
 + Level 6.4 Throwing
 + Level 7.0 Armour
 + Level 8.0 Dodging
 + Level 6.4 Stealth
 + Level 6.4 Shields
 + Level 6.4 Unarmed Combat
 + Level 8.2 Spellcasting
 + Level 5.3 Conjurations
 + Level 5.3 Hexes
 + Level 7.7 Charms
 + Level 5.3 Summonings
 + Level 5.3 Necromancy
 + Level 5.3 Translocations
 + Level 5.3 Transmutations
 + Level 5.3 Fire Magic
 + Level 5.3 Ice Magic
 + Level 5.3 Air Magic
 + Level 5.3 Earth Magic
 + Level 5.3 Poison Magic
 + Level 7.1 Invocations
 + Level 6.4 Evocations


You had 11 spell levels left.
You knew the following spells:

 Your Spells              Type           Power        Failure   Level  Hunger
h - Regeneration          Chrm/Necr      ####......   2%          3    ##.....
n - Spectral Weapon       Hex/Chrm       ####....     2%          3    ##.....
p - Shroud of Golubria    Chrm/Tloc      ####..       1%          2    None
u - Song of Slaying       Chrm           ####....     1%          2    None
v - Animate Dead          Necr           N/A          14%         4    ####...
y - Infusion              Chrm           ####         1%          1    None

Your spell library contained the following spells:

 Spells                   Type           Power        Failure   Level  Hunger
 Animate Skeleton         Necr           N/A          1%          1    None
 Pain                     Necr           ###.         1%          1    None
 Ensorcelled Hibernation  Hex/Ice        ###...       2%          2    None
 Vampiric Draining        Necr           ###.......   4%          3    ##.....
 Borgnjor's Vile Clutch   Necr/Erth      ###.......   36%         5    #####..
 Silence                  Hex/Air        ###.......   36%         5    #####..
 Darkness                 Hex            ###.......   91%         6    #######
 Shadow Creatures         Summ           N/A          91%         6    #######


Dungeon Overview and Level Annotations

Branches:
Dungeon (11/15)            Temple (0/1) D:4             Orc (0/2) D:10
 Bailey (visited)
   Lair: D:8-11

Altars:
Cheibriados
Elyvilon
Gozag
Makhleb
Nemelex Xobeh
Okawaru
Trog
Vehumet
Xom
Zin

Shops:
D:5 (   D:8 (   D:10 [

Annotations:
D:10 Snorg


Innate Abilities, Weirdness & Mutations

Your experience applies equally to all skills.
You have very sharp teeth.
Your uncanny sense of smell can sniff out nearby items.
You have large cloven feet.
You are surrounded by a mild repulsion field. (EV +2)
You are agile. (Dex +2)
You are robust. (+10% HP)


Message History

Unknown command.
Snorg rages.
Snorg barely misses you. x2; Snorg completely misses you.
Snorg bites you!!
* * * LOW HITPOINT WARNING * * *
You block Snorg's attack. x2
You hit Snorg.
Snorg looks as sick as possible!
Snorg is almost dead.
You block Snorg's attack. x2; Snorg claws you!
* * * LOW HITPOINT WARNING * * *
You feel much better.
Your skin is crawling a little less now.
You block Snorg's attack. Snorg claws you.
* * * LOW HITPOINT WARNING * * *
Snorg claws you!!
* * * LOW HITPOINT WARNING * * *
You feel much better. Snorg bites you!!
* * * LOW HITPOINT WARNING * * *
Snorg claws you!
You die...

.###.##.#####.# #.#####.#.#
#÷#.###.# #.# #..###.##.# ##.##
#.# #.# #.#.#.###.#
#.####.#####÷#### ##.##.## #..
#......##....>).# #...### ###
#########<##.##.# #..>########
#####.......#.##W# #.........##
#.....####..#.##T#####....##.....
#.....## #..#.##@#...........#.##
#....#.# #......................#
#.....## #.......#...........#..#
#.....# ####.########....##.#..#
####### #.# #........... #.#
#...#####.#. #.# #...# #..[ ##
######## #.### ##>########)
.###...)..# #.#.## #(#.......#


You could see Snorg (berserk) and a hungry ghost.

Vanquished Creatures
  2 two-headed ogres
  2 orc knights (Bailey)
  An ugly thing (D:9)
  A cyclops (D:11)
  2 gargoyles
  An efreet (D:11)
  2 hornets (D:10)
  A hippogriff (D:7)
  5 yaks (D:9)
  A human (D:7)
  4 hogs (D:7)
  Grum (D:10)
  3 hungry ghosts
  2 porcupines (D:11)
  10 orc warriors
  A sky beast (D:10)
  A black bear (D:9)
  A phantom (D:9)
  2 wolves (D:10)
  3 centaurs
  5 ogres (D:7)
  4 big kobolds
  2 crocodiles
  6 bullfrogs
  A wyvern zombie (D:8)
  3 scorpions
  5 wights (D:9)
  2 howler monkeys
  2 bullfrog zombies
  A centaur zombie (D:6)
  2 crimson imps
  A bullfrog skeleton (D:7)
  9 hounds
  A jelly (D:7)
  2 centaur skeletons
  4 orc priests
  2 orc wizards
  5 iguanas
  11 worker ants
  A hound zombie (D:9)
  2 human simulacra (D:10)
  3 worker ant zombies
  8 gnolls
  A howler monkey skeleton (D:6)
  6 adders
  3 shadow imps
  2 oozes
  3 adder skeletons
  5 worms
  5 dart slugs
  5 leopard geckos
  42 orcs
  3 ball pythons
  8 giant cockroaches
  18 goblins
  9 hobgoblins
  3 jackals (D:5)
  20 kobolds
  3 quokkas
  A ball python skeleton (D:4)
  5 bats
  4 frilled lizards
  7 rats
281 creatures vanquished.

Vanquished Creatures (others)
  A kobold (D:11)
  5 fungi (D:11)
  4 plants (D:11)
  10 spectral weapons
20 creatures vanquished.

Grand Total: 301 creatures vanquished

Notes
Turn   | Place    | Note
-------+----------+-------------------------------------------
     0 | D:1      | FishyPogo the Gnoll Skald began the quest for the Orb.
     0 | D:1      | Reached XP level 1. HP: 20/20 MP: 6/6
   235 | D:1      | Reached XP level 2. HP: 20/26 MP: 7/7
   244 | D:1      | Learned a level 2 spell: Song of Slaying
   247 | D:1      | Learned a level 2 spell: Shroud of Golubria
   402 | D:1      | Reached XP level 3. HP: 13/31 MP: 0/9
   407 | D:1      | Learned a level 3 spell: Regeneration
   411 | D:1      | Learned a level 3 spell: Spectral Weapon
   511 | D:1      | You fall into a shaft and drop 1 floor!
   514 | D:2      | Reached skill level 5 in Spellcasting
   554 | D:2      | Reached skill level 1 in Invocations
   683 | D:2      | Reached skill level 1 in Long Blades
   683 | D:2      | Reached skill level 1 in Axes
   683 | D:2      | Reached skill level 1 in Maces & Flails
   683 | D:2      | Reached skill level 1 in Polearms
   683 | D:2      | Reached skill level 1 in Staves
   683 | D:2      | Reached skill level 1 in Slings
   683 | D:2      | Reached skill level 1 in Bows
   683 | D:2      | Reached skill level 1 in Crossbows
   683 | D:2      | Reached skill level 1 in Throwing
   683 | D:2      | Reached skill level 1 in Stealth
   683 | D:2      | Reached skill level 1 in Shields
   683 | D:2      | Reached skill level 1 in Unarmed Combat
   683 | D:2      | Reached skill level 1 in Evocations
   825 | D:2      | Reached XP level 4. HP: 38/38 MP: 7/11
   959 | D:2      | Reached skill level 1 in Conjurations
   959 | D:2      | Reached skill level 1 in Hexes
   959 | D:2      | Reached skill level 1 in Summonings
   959 | D:2      | Reached skill level 1 in Necromancy
   959 | D:2      | Reached skill level 1 in Translocations
   959 | D:2      | Reached skill level 1 in Transmutations
   959 | D:2      | Reached skill level 1 in Fire Magic
   959 | D:2      | Reached skill level 1 in Ice Magic
   959 | D:2      | Reached skill level 1 in Air Magic
   959 | D:2      | Reached skill level 1 in Earth Magic
   959 | D:2      | Reached skill level 1 in Poison Magic
  1055 | D:3      | Found a snail-covered altar of Cheibriados.
  1130 | D:3      | Reached XP level 5. HP: 43/43 MP: 12/12
  1386 | D:3      | Found a glowing silver altar of Zin.
  1724 | D:4      | Reached XP level 6. HP: 50/50 MP: 13/13
  1779 | D:4      | Found a burning altar of Makhleb.
  1784 | D:4      | Became a worshipper of Makhleb the Destroyer
  1886 | D:4      | Found a radiant altar of Vehumet.
  1886 | D:4      | Found a sparkling altar of Nemelex Xobeh.
  1895 | D:4      | Reached skill level 5 in Fighting
  1895 | D:4      | Reached skill level 5 in Short Blades
  1895 | D:4      | Reached skill level 5 in Dodging
  2038 | D:4      | Found a staircase to the Ecumenical Temple.
  2235 | D:5      | Entered Level 5 of the Dungeon
  2283 | D:5      | Reached XP level 7. HP: 55/56 MP: 10/15
  2457 | D:5      | Reached * piety under Makhleb
  2593 | D:5      | Found a bloodstained altar of Trog.
  2669 | D:5      | Found a white marble altar of Elyvilon.
  2725 | D:5      | Found a shimmering altar of Xom.
  2830 | D:5      | Found Amadu's Antique Weapon Shop.
  2835 | D:5      | Bought a fine whip for 135 gold pieces
  2835 | D:5      | Identified the +4 whip of Exoneration {holy, Int+4} (You
                  | bought it in a shop on level 5 of the Dungeon)
  3225 | D:6      | Reached XP level 8. HP: 54/63 MP: 16/16
  3551 | D:7      | Noticed a hippogriff
  4004 | D:7      | Reached ** piety under Makhleb
  4110 | D:7      | Reached XP level 9. HP: 63/69 MP: 18/18
  4391 | D:7      | Found an iron altar of Okawaru.
  4545 | D:7      | Reached skill level 5 in Armour
  4636 | D:8      | Found an opulent altar of Gozag.
  4759 | D:8      | Found a flagged portal.
  4794 | Bailey   | Entered a bailey
  4805 | Bailey   | Noticed an orc knight
  4857 | Bailey   | Reached skill level 5 in Invocations
  4879 | Bailey   | Killed an orc knight
  4879 | Bailey   | Reached XP level 10. HP: 55/77 MP: 20/20
  5010 | Bailey   | Noticed an orc knight
  5181 | Bailey   | Killed an orc knight
  5181 | Bailey   | Reached skill level 5 in Long Blades
  5181 | Bailey   | Reached skill level 5 in Axes
  5181 | Bailey   | Reached skill level 5 in Maces & Flails
  5181 | Bailey   | Reached skill level 5 in Polearms
  5181 | Bailey   | Reached skill level 5 in Staves
  5181 | Bailey   | Reached skill level 5 in Slings
  5181 | Bailey   | Reached skill level 5 in Bows
  5181 | Bailey   | Reached skill level 5 in Crossbows
  5181 | Bailey   | Reached skill level 5 in Throwing
  5181 | Bailey   | Reached skill level 5 in Stealth
  5181 | Bailey   | Reached skill level 5 in Shields
  5181 | Bailey   | Reached skill level 5 in Unarmed Combat
  5181 | Bailey   | Reached skill level 5 in Evocations
  5190 | Bailey   | Got a smoking buckler
  5196 | Bailey   | Identified the +3 buckler of the Evil One {Str+5} (You
                  | found it in a bailey)
  5232 | D:8      | Found Huluc's Antique Weapon Boutique.
  5263 | D:8      | Found a bloodstained altar of Trog.
  5482 | D:8      | Reached *** piety under Makhleb
  5718 | D:8      | Noticed a gargoyle
  5727 | D:8      | Killed a gargoyle
  6595 | D:8      | Gained mutation: You have large cloven feet. [potion of
                  | mutation]
  6595 | D:8      | Gained mutation: You are agile. (Dex +2) [potion of
                  | mutation]
  6595 | D:8      | Gained mutation: You are surrounded by a mild repulsion
                  | field. (EV +2) [potion of mutation]
  6595 | D:8      | Gained mutation: You are robust. (+10% HP) [potion of
                  | mutation]
  6706 | D:9      | Reached **** piety under Makhleb
  6885 | D:8      | Learned a level 4 spell: Animate Dead
  6951 | D:9      | Noticed a white ugly thing
  6994 | D:9      | Killed a white ugly thing
  6997 | D:9      | Noticed a two-headed ogre
  7016 | D:9      | Killed a two-headed ogre
  7016 | D:9      | Reached XP level 11. HP: 43/92 MP: 11/22
  7340 | D:10     | Entered Level 10 of the Dungeon
  7450 | D:10     | Noticed Grum
  7467 | D:10     | Killed Grum
  7467 | D:10     | Reached skill level 5 in Conjurations
  7467 | D:10     | Reached skill level 5 in Hexes
  7467 | D:10     | Reached skill level 5 in Summonings
  7467 | D:10     | Reached skill level 5 in Necromancy
  7467 | D:10     | Reached skill level 5 in Translocations
  7467 | D:10     | Reached skill level 5 in Transmutations
  7467 | D:10     | Reached skill level 5 in Fire Magic
  7467 | D:10     | Reached skill level 5 in Ice Magic
  7467 | D:10     | Reached skill level 5 in Air Magic
  7467 | D:10     | Reached skill level 5 in Earth Magic
  7467 | D:10     | Reached skill level 5 in Poison Magic
  7510 | D:10     | Found a staircase to the Orcish Mines.
  7625 | D:10     | Found Raill's Armour Emporium.
  8121 | D:11     | Noticed a cyan ugly thing
  8264 | D:11     | Noticed a two-headed ogre
  8279 | D:11     | Killed a two-headed ogre
  8289 | D:11     | Noticed a fire dragon
  8294 | D:11     | Noticed Snorg
  8303 | D:11     | Reached ***** piety under Makhleb
  8340 | D:11     | Noticed an eight-headed hydra
  8341 | D:11     | Noticed a deep elf mage
  8344 | D:11     | Noticed a cyclops
  8359 | D:11     | Killed a cyclops
  8429 | D:11     | Noticed a soul eater
  8456 | D:10     | HP: 3/94 [Snorg (17)]
  8458 | D:10     | Slain by Snorg

Levels and vault maps discovered:
D:1:      dpeg_arrival_shrine, layout_loops_ring
D:2:      layout_loops_cross, first_ration
D:3:      layout_basic, cheibriados_altar_1, zin_scriptorium
D:4:      layout_basic, marbit_many_paths, gammafunk_temple_overflow_pools,
          minmay_temple_entry_glassed_door
D:5:      layout_loops_ring, overflow_temple_1_default, serial_shops,
          nicolae_shop_crystal, basic_altar, elyvilon_altar_5
D:6:      layout_loops_ring
D:7:      layout_basic, lemuel_coloured_pillars_altar, roderic_lattice_a,
          grunt_livestock
D:8:      corexii_shantytown, layout_loops_corners, lemuel_crystal_altar,
          enter_bailey_3, serial_shops, kennysheep_little_box, basic_altar,
          mrwooster_statue_mirror
D:9:      layout_rooms, serial_glass, glass_columns_b, glass_columns_c,
          due_unseen_surprise, feat_on_display
D:10:     layout_loops_cross, serial_shops, shop, bh_circular_ruins, uniq_grum
D:11:     minmay_bloctagon_deflated, layout_cross,
          grunt_lair_entry_orc_guard_hut, uniq_snorg

Skill      XL: |  1  2  3  4  5  6  7  8  9 10 11 |
---------------+----------------------------------+-----
Spellcasting   | 5 6 7 8 |  8.2
Invocations    | 1 2 3 4 5 6 7 |  7.1
Long Blades    | 1 2 3 4 5 6 |  6.4
Axes           | 1 2 3 4 5 6 |  6.4
Maces & Flails | 1 2 3 4 5 6 |  6.4
Polearms       | 1 2 3 4 5 6 |  6.4
Staves         | 1 2 3 4 5 6 |  6.4
Slings         | 1 2 3 4 5 6 |  6.4
Bows           | 1 2 3 4 5 6 |  6.4
Crossbows      | 1 2 3 4 5 6 |  6.4
Throwing       | 1 2 3 4 5 6 |  6.4
Stealth        | 1 2 3 4 5 6 |  6.4
Shields        | 1 2 3 4 5 6 |  6.4
Unarmed Combat | 1 2 3 4 5 6 |  6.4
Evocations     | 1 2 3 4 5 6 |  6.4
Conjurations   | 1 2 3 4 5 |  5.3
Hexes          | 1 2 3 4 5 |  5.3
Summonings     | 1 2 3 4 5 |  5.3
Necromancy     | 1 2 3 4 5 |  5.3
Translocations | 1 2 3 4 5 |  5.3
Transmutations | 1 2 3 4 5 |  5.3
Fire Magic     | 1 2 3 4 5 |  5.3
Ice Magic      | 1 2 3 4 5 |  5.3
Air Magic      | 1 2 3 4 5 |  5.3
Earth Magic    | 1 2 3 4 5 |  5.3
Poison Magic   | 1 2 3 4 5 |  5.3
Armour         | 3 4 5 6 7 |  7.0
Fighting       | 5 6 7 8 |  8.0
Short Blades   | 5 6 7 8 |  8.0
Dodging        | 5 6 7 8 |  8.0
Charms         | 6 7 |  7.7

Action                   |  1- 3 |  4- 6 |  7- 9 | 10-12 || total
-------------------------+-------+-------+-------+-------++-------
Melee: Short sword       |    28 |       |       |       ||    28
       Bite              |     7 |    12 |    35 |    73 ||   127
       Dagger            |    46 |   139 |   267 |   271 ||   723
       Punch             |       |     2 |     7 |     1 ||    10
       Whip              |       |       |    12 |   194 ||   206
Throw: Dart              |       |     1 |     9 |    10 ||    20
       Boomerang         |       |       |       |     8 ||     8
       Javelin           |       |       |       |     2 ||     2
       Stone             |       |       |       |     1 ||     1
 Cast: Shroud of Golubri |     6 |     5 |    14 |    21 ||    46
       Infusion          |     5 |     1 |     7 |     7 ||    20
       Spectral Weapon   |     2 |    11 |    24 |    31 ||    68
       Regeneration      |     1 |     2 |     6 |    17 ||    26
       Song of Slaying   |       |     3 |     6 |    11 ||    20
Invok: Minor Destruction |       |       |    27 |    28 ||    55
  Use: Potion            |       |       |     4 |     7 ||    11
       Scroll            |       |       |    11 |    10 ||    21
 Stab: Sleeping          |       |     5 |     6 |    12 ||    23
       Distracted        |       |     1 |     3 |     8 ||    12
  Eat: Chunk             |       |     6 |    11 |    16 ||    33
Armor: Leather armour    |     8 |    24 |    47 |    50 ||   129
Dodge: Dodged            |    36 |    63 |   163 |   281 ||   543
Block: Buckler           |       |       |       |   152 ||   152
